 Dungeon Crawl Stone Soup version 0.29.0-4-gdea44cf6ec (webtiles) character file.

Game seed: 396491653278632950

149 qw the Chopper (level 5, -1/30 HPs)
             Began as a Tengu Warper on Aug 28, 2022.
             Succumbed to a scorpion's poison
             ... on level 4 of the Dungeon.
             The game lasted 00:00:20 (3972 turns).

qw the Chopper (Tengu Warper)                       Turns: 3972, Time: 00:00:21

Health: -1/30      AC: 11    Str: 13    XL:     5   Next: 31%
Magic:  9/9        EV:  4    Int: 14    God:
Gold:   134        SH:  0    Dex: 13    Spells: 8/8 levels left

rFire   . . .      SeeInvis .   Y - +0 hand axe
rCold   . . .      Faith    .   (no shield)
rNeg    . . .      Spirit   .   d - +0 plate armour
rPois   .          Reflect  .   (helmet restricted)
rElec   .          Harm     .   (no cloak)
rCorr   .          Rampage  .   (no gloves)
Will    .....                   (boots unavailable)
Stlth   ..........              (no amulet)
HPRegen 0.10/turn               (no ring)
MPRegen 0.11/turn               (no ring)

@: lethally poisoned (-1 -> -7), flying quickly and evasively, quick
A: beak, talons 3, nimble flight
a: no special abilities


You were on level 4 of the Dungeon.
You visited 1 branch of the dungeon, and saw 4 of its levels.

You collected 134 gold pieces.


Innate Abilities, Weirdness & Mutations

You have a beak for a mouth.
You have claws for feet.
Your magical nature lets you fly swiftly and evasively.


   Skills:
 - Level 2.0 Fighting
 + Level 5.4 Axes
 - Level 1.0 Throwing
 - Level 2.2 Armour
 - Level 2.1 Dodging
 - Level 2.0 Spellcasting
 - Level 2.4 Translocations


You had 8 spell levels left.
You didn't know any spells.
Your spell library contained the following spells:

 Spells                   Type           Power      Damage    Failure   Level
 Blink                    Tloc           16%        N/A       100%        2
 Gell's Gravitas          Tloc           8%         N/A       100%        3
 Lesser Beckoning         Tloc           8%         N/A       100%        3
 Teleport Other           Tloc           8%         N/A       100%        3
 Manifold Assault         Tloc           8%         N/A       100%        5

Inventory:

Hand Weapons
 f - a +0 mace
 Y - a +0 hand axe (weapon)
Armour
 d - a +0 plate armour (worn)
Scrolls
 a - a scroll of identify
Potions
 g - a potion of resistance

Dungeon Overview and Level Annotations

Branches:
Dungeon (4/15)
 Temple: D:4-7

Altars:
Gozag


Message History

The ball python is severely wounded.
You hit the adder. You barely miss the scorpion. The adder bites you.
The scorpion stings you.
The ball python bites you but does no damage.
The ball python constricts you.
You closely miss the ball python. Your peck misses the ball python.
The ball python is severely wounded.
You hit the adder. You barely miss the scorpion.
The adder bites you but does no damage. The scorpion stings you.
You are poisoned.
The scorpion poisons you! The ball python bites you.
The ball python constricts you. The adder bites you but does no damage.
The scorpion stings you but does no damage.
You closely miss the ball python. You peck the ball python.
You kill the ball python!
You hit the scorpion but do no damage. You closely miss the adder.
You feel very sick. The adder bites you.
The iguana hisses menacingly.
The scorpion stings you but does no damage.
You slash the adder! You claw the adder.
You kill the adder!
You hit the scorpion but do no damage. You hit the iguana but do no damage.
You feel very sick. The scorpion stings you.
You hear a distant slurping noise.
The iguana bites you.
An adder comes into view.
You hit the scorpion but do no damage. Your kick misses the scorpion.
The scorpion is lightly wounded.
You hit the iguana but do no damage. You hit the hobgoblin.
You hit the black bear but do no damage.
You feel sick. The scorpion stings you. The hobgoblin barely misses you.
The black bear bites you.
The black bear claws you but does no damage. x2
The iguana bites you.
You hit the hobgoblin. You claw the hobgoblin.
You kill the hobgoblin!
You hit the iguana. You hit the black bear. You hit the scorpion.
You die...

#.............#
#.........../.#
#.............#
#.............#
#.............#
####'##########
#+#####.###
(.........#
......%@..#
......hsl.#
.:........#
..........#
..........#
.S........#
..........#
.=........#


You could see a black bear, a scorpion, an iguana and an adder.

Vanquished Creatures
  An orc wizard (D:4)
  5 adders
  2 worms (D:2)
  2 dart slugs (D:2)
  2 orcs
  6 endoplasms
  5 giant cockroaches
  4 goblins
  7 hobgoblins
  2 jackals (D:1)
  3 quokkas
  7 ball pythons
  5 bats
  3 frilled lizards
  9 kobolds
  6 rats
69 creatures vanquished.

Notes
Turn   | Place    | Note
-------+----------+-------------------------------------------
     0 | D:1      | qw the Tengu Warper began the quest for the Orb.
     0 | D:1      | Reached XP level 1. HP: 12/12 MP: 4/4
     0 | D:1      | 0 ||| qw: Version: 0.1-a-89-g26bdef1
     0 | D:1      | 0 ||| qw: Game counter: 3143
     0 | D:1      | 0 ||| qw: Always use a shield: true
     0 | D:1      | 0 ||| qw: God list: Okawaru
     0 | D:1      | 0 ||| qw: Allow faded altars: false
     0 | D:1      | 0 ||| qw: Do Orc after D:15 true
     0 | D:1      | 0 ||| qw: Do second Lair branch before Depths: true
     0 | D:1      | 0 ||| qw: Lair rune preference: random
     0 | D:1      | 0 ||| qw: Plans: Normal
     0 | D:1      | 0 ||| PLANNING D:1-11
   204 | D:1      | Reached XP level 2. HP: 17/17 MP: 6/6
   215 | D:1      | Reached skill level 3 in Axes
   340 | D:1      | 340 ||| Stepping ~*~*~tactically~*~*~ (stealth).
   792 | D:1      | 792 ||| Stepping ~*~*~tactically~*~*~ (stealth).
   800 | D:1      | 800 ||| Stepping ~*~*~tactically~*~*~ (stealth).
   812 | D:1      | 812 ||| Stepping ~*~*~tactically~*~*~ (stealth).
   817 | D:1      | Reached XP level 3. HP: 20/21 MP: 7/7
   945 | D:1      | 945 ||| UPGRADING to +0 plate armour.
   955 | D:1      | 955 ||| DROPPING +0 leather armour.
   956 | D:1      | 956 ||| DROPPING +0 chain mail.
   957 | D:1      | 957 ||| READING 3 scrolls labelled AQAWUH PYDAE.
   958 | D:1      | 958 ||| READING scroll labelled KYWAMO WONI.
   963 | D:1      | 963 ||| DRINKING 2 green potions.
   964 | D:1      | 964 ||| READING 2 scrolls of identify.
   964 | D:1      | 964 ||| IDENTIFYING sedimented yellow potion
   965 | D:1      | 965 ||| DROPPING scroll of blinking.
  1008 | D:2      | 1008 ||| Stepping ~*~*~tactically~*~*~ (hiding).
  1151 | D:2      | Identified the +8 spear of Moderation {vorpal, rElec rPois
                  | Int+3 Dex-2}
  1172 | D:2      | Reached skill level 4 in Axes
  1378 | D:2      | 1378 ||| Stepping ~*~*~tactically~*~*~ (stealth).
  1505 | D:2      | 1505 ||| Stepping ~*~*~tactically~*~*~ (stealth).
  1525 | D:2      | Reached XP level 4. HP: 26/26 MP: 8/8
  1782 | D:2      | 1782 ||| DROPPING +0 club.
  1797 | D:2      | 1797 ||| Stepping ~*~*~tactically~*~*~ (stealth).
  1798 | D:2      | 1798 ||| Stepping ~*~*~tactically~*~*~ (stealth).
  1801 | D:2      | 1801 ||| Stepping ~*~*~tactically~*~*~ (stealth).
  1815 | D:2      | 1815 ||| Stepping ~*~*~tactically~*~*~ (stealth).
  2139 | D:2      | 2139 ||| READING scroll labelled LEAPNI KOPE.
  2140 | D:2      | 2140 ||| READING 2 scrolls of identify.
  2140 | D:2      | 2140 ||| IDENTIFYING fuming golden potion
  2141 | D:2      | 2141 ||| DROPPING potion of invisibility.
  2588 | D:3      | Found an opulent altar of Gozag.
  2769 | D:3      | 2769 ||| Stepping ~*~*~tactically~*~*~ (stealth).
  2889 | D:3      | Found a faded altar of an unknown god.
  3132 | D:3      | 3132 ||| READING scroll labelled BEGUAN QYEHAORA.
  3133 | D:3      | 3133 ||| READING 3 scrolls of identify.
  3133 | D:3      | 3133 ||| IDENTIFYING pink potion
  3134 | D:3      | 3134 ||| READING 2 scrolls of identify.
  3134 | D:3      | 3134 ||| IDENTIFYING black potion
  3135 | D:3      | 3135 ||| DROPPING potion of attraction.
  3136 | D:3      | 3136 ||| DROPPING potion of flight.
  3171 | D:4      | 3171 ||| PLANNING OSSUARY
  3172 | D:4      | Reached skill level 5 in Axes
  3196 | D:4      | 3196 ||| Stepping ~*~*~tactically~*~*~ (hiding).
  3197 | D:4      | 3197 ||| Stepping ~*~*~tactically~*~*~ (hiding).
  3203 | D:4      | 3203 ||| DRINKING 2 potions of curing.
  3203 | D:4      | 3203 ||| (to cure confusion)
  3209 | D:4      | 3209 ||| DRINKING potion of curing.
  3209 | D:4      | 3209 ||| (to cure confusion)
  3218 | D:4      | 3218 ||| FLEEEEING.
  3222 | D:4      | 3222 ||| FLEEEEING.
  3223 | D:4      | 3223 ||| FLEEEEING.
  3224 | D:4      | 3224 ||| FLEEEEING.
  3232 | D:4      | 3232 ||| FLEEEEING.
  3232 | D:4      | HP: 6/26 [something/magic dart (2)]
  3233 | D:4      | 3233 ||| FLEEEEING.
  3234 | D:4      | 3234 ||| FLEEEEING.
  3235 | D:4      | 3235 ||| FLEEEEING.
  3236 | D:4      | 3236 ||| FLEEEEING.
  3237 | D:4      | 3237 ||| FLEEEEING.
  3238 | D:4      | 3238 ||| STAIRDANCE
  3482 | D:4      | 3482 ||| STAIRDANCE
  3724 | D:4      | Gained mutation: Your magical nature lets you fly swiftly
                  | and evasively. [Tengu growth]
  3724 | D:4      | Reached XP level 5. HP: 10/30 MP: 9/9
  3956 | D:4      | 3956 ||| RIP OSSUARY
  3958 | D:4      | 3958 ||| PLANNING D:1-11
  3963 | D:4      | Noticed a black bear
  3971 | D:4      | HP: 6/30 [scorpion (3)]
  3971 | D:4      | HP: 1/30 [iguana (4)]
  3972 | D:4      | Succumbed to a scorpion's poison

Levels and vault maps discovered:
D:1:      dpeg_arrival_refuge, layout_rooms, serial_curves, eino_curves_02,
          eino_curves_02, eino_curves_03, eino_curves_04
D:2:      layout_basic
D:3:      layout_basic, marbit_many_paths,
          hellmonk_ecumenical_altar_leap_of_faith
D:4:      layout_basic, minmay_temple_entry_enclosed_plants, serial_shops,
          nicolae_shop_window_shopping, nicolae_ossuary_entry_plus

Skill      XL: |  1  2  3  4 |
---------------+-------------+-----
Axes           | 3 4 5 |  5.4
Armour         | 2 |  2.2
Fighting       | |  2.0
Throwing       | |  1.0
Dodging        | |  2.1
Spellcasting   | |  2.0
Translocations | |  2.4

Action                   |  1- 3 |  4- 6 || total
-------------------------+-------+-------++-------
Melee: Hand axe          |    93 |    98 ||   191
       Kick              |    24 |    21 ||    45
       Peck              |     7 |    20 ||    27
Throw: Boomerang         |     7 |       ||     7
  Use: Scroll            |     3 |     5 ||     8
       Potion            |     1 |     2 ||     3
Armor: Leather armour    |    11 |       ||    11
       Plate armour      |    37 |    75 ||   112
Dodge: Dodged            |    31 |    16 ||    47

Table legend:
 A = Non-vault XP
 B = Vault XP
 C = Vault XP percentage of total XP
 D = Non-vault monster count
 E = Vault monster count
 F = Vault count percentage of total count
                 A         B        C        D         E       F
            +---------+---------+-------+---------+---------+-------
      Total |     215 |       1 |   0.5 |      68 |       1 |   1.4
            +---------+---------+-------+---------+---------+-------
        D:1 |      38 |       0 |   0.0 |      23 |       0 |   0.0
        D:2 |      67 |       0 |   0.0 |      26 |       0 |   0.0
        D:3 |      54 |       1 |   1.8 |      13 |       1 |   7.1
        D:4 |      56 |       0 |   0.0 |       6 |       0 |   0.0
            +---------+---------+-------+---------+---------+-------
